 Seeded DCSS version 0.30-a0-738-g116ff8c4af (webtiles) character file.

Game seed: 394332929563463235 (custom seed)

457 timneilson the Shield-Bearer (level 7, 0/43 HPs)
             Began as a Gargoyle Fighter on Feb 3, 2023.
             Slain by a gnoll sergeant
             ... wielding a +2 spear of pain
              (7 damage)
             ... on level 4 of the Dungeon.
             The game lasted 00:05:39 (3153 turns).

timneilson the Shield-Bearer (Gargoyle Fighter)     Turns: 3153, Time: 00:05:40

Health: 0/43       AC: 17    Str: 19    XL:     7   Next: 6%
Magic:  7/7        EV:  7    Int:  9    God:
Gold:   1232       SH:  5    Dex: 11    Spells: 6/6 levels left

rFire   . . .      SeeInvis .    a - +1 long sword (vamp)
rCold   . . .      Faith    .    c - +0 buckler
rNeg    + . .      Spirit   .    i - +0 chain mail
rPois   ∞          Reflect  .    (no helmet)
rElec   +          Harm     .    n - +0 cloak
rCorr   .          Rampage  .    (no gloves)
Will    .....                    l - +0 pair of boots Stlth
                                 (no amulet)
HPRegen 0.27/turn                (no ring)
MPRegen 0.10/turn                (no ring)

@: no status effects
A: sickness immunity, AC +4, negative energy resistance 1, electricity
resistance, torment resistance 1, petrification resistance
a: no special abilities


You were on level 4 of the Dungeon.
You visited 1 branch of the dungeon, and saw 4 of its levels.

You collected 1232 gold pieces.

Inventory:

Hand Weapons
 a - a +1 vampiric long sword (weapon)
Armour
 c - a +0 buckler (worn)
 i - a +0 chain mail (worn)
 l - a +0 pair of boots (worn)
 n - a +0 cloak (worn)
Scrolls
 h - 2 scrolls of teleportation
 m - a scroll of enchant weapon
 o - a scroll of fog
Potions
 b - 3 potions of mutation
 d - a potion of might
 e - a potion of brilliance
 f - 2 potions of curing
 g - a potion of ambrosia
 j - 2 potions of lignification
 k - a potion of flight


   Skills:
 + Level 4.2 Fighting
 * Level 3.6 Long Blades
 * Level 5.0 Armour
 + Level 1.6 Dodging
 * Level 5.1 Shields


You had 6 spell levels left.
You didn't know any spells.
Your spell library contained the following spells:

 Spells                   Type           Power      Damage    Failure   Level
 Ensorcelled Hibernation  Hex/Ice        0%         N/A       100%        2
 Passwall                 Tmut/Erth      0%         N/A       100%        2
 Swiftness                Air            0%         N/A       100%        3


Dungeon Overview and Level Annotations

Branches:
Dungeon (4/15)
 Temple: D:4-7

Altars:
Kikubaaqudgha
Makhleb
Sif Muna


Innate Abilities, Weirdness & Mutations

You are immune to sickness and miasma.
Your stone body is resilient. (AC +4)
You are immune to poison.
You resist negative energy. (rN+)
You are resistant to electric shocks. (rElec)
You are resistant to unholy torment.
You are immune to petrification.


Message History

The gnoll attacks as you move away! The gnoll hits you but does no damage.
You slash the gnoll!
The gnoll is heavily wounded.
You block the gnoll's attack.
You hit the gnoll.
The gnoll is severely wounded.
You block the gnoll sergeant's attack. The gnoll hits you but does no damage.
The gnoll sergeant hits you but does no damage.
The gnoll completely misses you.
You completely miss the gnoll.
The gnoll is heavily wounded.
The gnoll sergeant hits you from afar with a +2 spear of pain.
The gnoll hits you with a +0 flail.
You hit the gnoll but do no damage.
The gnoll is heavily wounded.
The gnoll sergeant hits you but does no damage.
The gnoll hits you with a +0 flail.
You hit the gnoll.
You feel better.
The gnoll is almost dead.
The gnoll sergeant hits you from afar with a +2 spear of pain.
The gnoll hits you but does no damage.
The gnoll sergeant hits you from afar with a +2 spear of pain!
The gnoll hits you but does no damage.
You closely miss the gnoll.
The gnoll is almost dead.
The gnoll sergeant hits you but does no damage.
You writhe in agony.
The gnoll completely misses you.
You hit the gnoll.
You feel better.
The gnoll is almost dead.
The gnoll sergeant hits you from afar with a +2 spear of pain!
The gnoll hits you with a +0 flail!
* * * LOW HITPOINT WARNING * * *
You barely miss the gnoll.
The gnoll is almost dead.
The gnoll sergeant hits you but does no damage.
You writhe in agony.
* * * LOW HITPOINT WARNING * * *
The gnoll hits you but does no damage.
The gnoll sergeant hits you from afar with a +2 spear of pain!
You die...

##.##............≈≈>§§≈..
#................≈≈._≈≈..
##.##..##.##.....≈§≈≈≈≈..
#.#.<....##..##.§§≈≈≈≈..
#.......###.............
#.#...#.# #.....#.......
###.#.#.#.###.....##......
#.........................
#######.#@####....##......
###g# #....##...... #g#
#....##...... #####g#
#....##......
#...gg####....########
######...##....#
#...##.#.##....########
##.#....#.###.....))...#
#≈≈≈≈.≈≈≈≈# #.########.#


You could see a gnoll sergeant and 4 gnolls.

Vanquished Creatures
  Sigmund (D:3)
  A black bear (D:4)
  A scorpion (D:3)
  A hound (D:4)
  4 gnolls (D:4)
  2 adders (D:2)
  3 worms
  An orc (D:2)
  4 ball pythons
  7 endoplasms
  3 giant cockroaches
  8 goblins
  4 hobgoblins
  A quokka (D:1)
  3 bats
  3 frilled lizards
  7 kobolds
  5 rats
59 creatures vanquished.

Vanquished Creatures (others)
  8 plants (D:2)
8 creatures vanquished.

Grand Total: 67 creatures vanquished

Notes
Turn   | Place    | Note
-------+----------+-------------------------------------------
     0 | D:1      | timneilson the Gargoyle Fighter began the quest for the
                  | Orb.
     0 | D:1      | Reached XP level 1. HP: 14/14 MP: 1/1
   187 | D:1      | Reached XP level 2. HP: 19/19 MP: 2/2
   811 | D:2      | Reached XP level 3. HP: 21/23 MP: 3/3
  1507 | D:2      | Reached XP level 4. HP: 28/29 MP: 4/4
  1819 | D:3      | Identified a scroll of acquirement
  1819 | D:3      | Acquired 959 gold pieces
  1869 | D:3      | Found an ancient bone altar of Kikubaaqudgha.
  1869 | D:3      | Found a burning altar of Makhleb.
  2368 | D:4      | Found a shimmering blue altar of Sif Muna.
  2447 | D:4      | Noticed a black bear
  2476 | D:4      | Killed a black bear
  2477 | D:4      | Reached skill level 1 in Dodging
  2477 | D:4      | Reached XP level 5. HP: 33/33 MP: 5/5
  2552 | D:3      | Noticed Sigmund
  2569 | D:3      | Killed Sigmund
  2570 | D:3      | Reached XP level 6. HP: 23/38 MP: 6/6
  2604 | D:3      | Reached skill level 5 in Shields
  3036 | D:4      | Reached skill level 5 in Armour
  3044 | D:4      | Reached XP level 7. HP: 43/43 MP: 7/7
  3153 | D:4      | Slain by a gnoll sergeant

Illustrated notes

Levels and vault maps discovered:
D:1:      matt_arrival_los_fun, layout_rooms, minmay_pentomino_r4
D:2:      layout_loops_corners, chequers_big_river
D:3:      minmay_door_path, layout_rooms, nicolae_overflow_two_pavilions,
          uniq_sigmund
D:4:      layout_basic, general_overflow_altar, lightli_minifort

Skill      XL: |  1  2  3  4  5  6 |
---------------+-------------------+-----
Long Blades    | 2 3 |  3.6
Armour         | 4 5 |  5.0
Shields        | 4 5 |  5.1
Dodging        | 1 |  1.6
Fighting       | 4 |  4.2

Action                     |  1- 3 |  4- 6 |  7- 9 || total
---------------------------+-------+-------+-------++-------
  Melee: Long sword        |   154 |    82 |    18 ||   254
    Use: Scroll            |     4 |    10 |       ||    14
         Potion            |       |     3 |       ||     3
 Armour: Scale mail        |    17 |       |       ||    17
         Chain mail        |    95 |    45 |    19 ||   159
         Skin              |       |    18 |       ||    18
  Dodge: Dodged            |    71 |    18 |     3 ||    92
  Block: Buckler           |    39 |    19 |     6 ||    64

Table legend: (Time is in decaauts)
 A = Elapsed time spent in this place.
 B = Non-inter-level travel time spent in this place.
 C = Inter-level travel time spent in this place.
 D = Time resting spent in this place.
 E = Time spent auto-exploring this place.
 F = Levels seen in this place.
 G = Mean time per level.
                   A        B        C        D        E       F      G
               +--------+--------+--------+--------+--------+-----+--------+
         Total |   3247 |   3078 |    169 |     34 |   2091 |   4 |  811.8 |
       Dungeon |   3247 |   3078 |    169 |     34 |   2091 |   4 |  811.8 |
               +--------+--------+--------+--------+--------+-----+--------+

Top non-repeatable levels by time:
     D:2: 1127 daAuts
     D:4: 785 daAuts
     D:1: 689 daAuts
     D:3: 645 daAuts
